Map: [ESL] Gresvan

Players

SKillous - Winner!

  • Race: Protoss Protoss
  • Spawn Location: 5:00

Scarlett

  • Race: Zerg Zerg
  • Spawn Location: 11:00

Event: ESL SC2 Masters 2023 Summer (Finals)

VOD

Have the link to the VOD?

Description

Time

  • Played on: June 17, 2023, 9:06 a.m.
  • Length: 14:33

All games in this series

Show
View Real Time Build Order
Export as new Build Order

SKillous Protoss - Winner!

Build Orders: 1 Gate Expand, Oracle Opening, Carriers 

Get SALT Encoding   

  12  0:00  Probe  
  13  0:12  Probe  
  14  0:20  Pylon  
  14  0:24  Probe  
  15  0:38  Probe (Chrono Boost)  
  15  0:40  Gateway  
  16  0:47  Probe (Chrono Boost)  
  17  0:51  Assimilator  
  17  0:52  Probe (Chrono Boost)  
  18  1:04  Probe  
  19  1:16  Probe  
  20  1:24  Nexus  
  20  1:36  Cybernetics Core  
  20  1:38  Probe  
  21  1:46  Assimilator  
  21  1:50  Probe  
  22  1:55  Pylon  
  22  2:02  Probe  
  23  2:10  Adept (Chrono Boost)  
  23  2:15  Probe  
  26  2:20  Stargate  
  26  2:28  Probe (Chrono Boost)  
  27  2:30  Warp Gate  
  27  2:31  Adept (Chrono Boost)  
  27  2:37  Probe (Chrono Boost)  
  31  2:45  Probe (Chrono Boost)  
  31  2:46  Probe (Chrono Boost)  
  31  2:51  Probe x2 (Chrono Boost)  
  33  2:54  Adept  
  36  3:03  Probe x2  
  38  3:12  Oracle (Chrono Boost)  
  38  3:15  Probe x2  
  43  3:24  Pylon  
  41  3:27  Probe x2  
  41  3:31  Gateway  
  43  3:39  Probe x2  
  45  3:42  Oracle (Chrono Boost)  
  48  3:51  Probe x2  
  50  3:58  Nexus  
  50  3:59  Pylon  
  50  4:03  Probe x2  
  52  4:15  Probe, Oracle (Chrono Boost)  
  52  4:16  Probe  
  55  4:24  Twilight Council  
  55  4:26  Gateway  
  55  4:28  Probe, Gateway  
  55  4:30  Adept x2  
  60  4:32  Probe  
  61  4:38  Pylon, Assimilator  
  61  4:39  Assimilator  
  61  4:41  Probe  
  62  4:46  Forge  
  62  4:56  Probe x2  
  62  4:59  Blink (Chrono Boost)  
  60  5:09  Adept  
  60  5:11  Probe x2 (Chrono Boost)  
  60  5:13  Probe (Chrono Boost)  
  65  5:16  Stalker  
  69  5:23  Probe (Chrono Boost)  
  69  5:24  Shield Battery  
  69  5:25  Probe x2 (Chrono Boost)  
  70  5:28  Probe (Chrono Boost)  
  70  5:32  Stalker x2  
  70  5:33  Probe x2, Stalker  
  78  5:37  Protoss Ground Weapons Level 1 (Chrono Boost)  
  78  5:39  Probe  
  78  5:42  Pylon  
  79  5:44  Stalker  
  79  5:45  Probe x2  
  79  5:49  Pylon  
  83  5:51  Probe  
  83  5:55  Assimilator  
  84  5:57  Probe  
  84  6:00  Probe  
  84  6:01  Assimilator  
  84  6:02  Stalker x3  
  92  6:04  Probe  
  92  6:06  Pylon  
  92  6:08  Pylon  
  92  6:09  Probe  
  94  6:12  Probe  
  94  6:13  Zealot  
  94  6:17  Probe  
  98  6:25  Templar Archives  
  99  6:26  Stalker x3  
  99  6:29  Probe  
  99  6:32  Pylon  
  105  6:35  Pylon  
  105  6:43  Stalker  
  105  6:45  Pylon, Charge  
  103  6:54  Stalker x2  
  103  6:55  Stalker  
  103  6:56  Probe  
  104  7:18  Stalker x4  
  104  7:22  Probe  
  111  7:26  Gateway, Protoss Ground Weapons Level 2 (Chrono Boost)  
  111  7:29  Gateway  
  111  7:30  Nexus, Gateway  
  111  7:31  Psionic Storm  
  111  7:32  Pylon, Gateway  
  111  7:47  Shield Battery  
  111  7:48  Stalker x4  
  111  7:49  Photon Cannon  
  119  7:52  Shield Battery  
  119  8:00  Shield Battery  
  119  8:03  Pylon  
  119  8:13  Stalker x4  
  123  8:23  Stalker x2  
  125  8:31  Probe x3  
  120  8:37  Stalker x4  
  120  8:38  Stalker x2  
  131  8:43  Probe x3  
  134  8:50  Probe  
  134  8:55  Probe  
  136  8:57  Probe  
  136  9:02  Probe  
  135  9:03  Zealot x8  
  135  9:07  Probe  
  151  9:11  Shield Battery  
  151  9:15  Photon Cannon  
  151  9:18  Photon Cannon  
  151  9:21  Pylon  
  151  9:22  Robotics Facility  
  151  9:26  Assimilator x2  
  151  9:34  High Templar  
  151  9:35  High Templar x4, Protoss Ground Weapons Level 3 (Chrono Boost)  
  151  9:36  Zealot  
  163  9:42  Pylon  
  163  9:43  Pylon  
  161  9:48  Zealot  
  162  9:59  Void Ray (Chrono Boost)  
  162  10:01  Stargate, Fleet Beacon  
  162  10:05  Stargate  
  150  10:27  Stalker x8  
  166  10:31  Nexus  
  166  10:32  Pylon  
  160  10:36  Shield Battery  
  160  10:39  Pylon, Photon Cannon  
  160  10:40  Protoss Air Weapons Level 1 (Chrono Boost)  
  160  10:44  Carrier (Chrono Boost)  
  172  10:53  Photon Cannon  
  172  10:54  Carrier (Chrono Boost)  
  170  10:59  Zealot x6  
  170  11:04  Zealot x2  
  184  11:08  Shield Battery  
  184  11:16  Mothership (Chrono Boost)  
  184  11:18  Immortal (Chrono Boost)  
  192  11:30  Zealot x5  
  200  11:36  Assimilator  
  200  11:37  Assimilator  
  200  11:53  Carrier  
  198  11:58  Archon  
  198  11:59  Carrier  
  198  12:00  Carrier  
  194  12:03  Zealot x3  
  194  12:06  High Templar x2  
  200  12:14  Zealot x3  
  156  12:30  High Templar x3  
  156  12:36  Photon Cannon  
  162  12:37  Protoss Shields Level 1 (Chrono Boost), Pylon  
  162  12:41  Photon Cannon  
  162  12:43  Photon Cannon  
  162  12:47  Carrier  
  162  12:50  Zealot, Observer  
  162  12:51  Zealot x3  
  166  13:02  Zealot  
  166  13:03  Zealot x3  
  173  13:12  Zealot x3  
  178  13:21  Photon Cannon  
  178  13:23  Assimilator  
  178  13:24  Carrier  
  178  13:26  Probe x2  
  174  13:40  High Templar x5  
  174  13:41  High Templar, Zealot  
  192  13:44  Archon x2  
  192  13:45  Warp Prism, Archon  
  196  14:08  Nexus  
  177  14:29  Zealot x7  
Show
View Real Time Build Order
Export as new Build Order

Scarlett Zerg 

Build Orders: Hatch First, Lurkers 

Get SALT Encoding   

  12  0:00  Drone  
  13  0:12  Overlord  
  13  0:18  Drone  
  14  0:31  Drone x2  
  16  0:47  Hatchery  
  15  0:51  Drone  
  15  0:54  Drone  
  17  0:57  Drone  
  18  1:09  Extractor  
  17  1:14  Spawning Pool  
  17  1:17  Drone  
  17  1:20  Drone  
  18  1:28  Drone  
  19  1:39  Drone  
  20  1:49  Overlord  
  20  2:01  Drone, Zergling x2  
  21  2:02  Queen x2  
  26  2:10  Drone  
  26  2:11  Zergling x2  
  26  2:14  Metabolic Boost  
  28  2:21  Drone  
  28  2:22  Drone  
  30  2:34  Drone  
  30  2:36  Hatchery  
  30  2:43  Queen  
  32  2:47  Overlord  
  32  2:51  Drone  
  32  2:53  Zergling x2  
  32  2:57  Zergling x2  
  35  3:04  Zergling x2  
  36  3:08  Spore Crawler  
  36  3:09  Spore Crawler  
  34  3:13  Drone, Spore Crawler  
  34  3:14  Drone x2  
  34  3:18  Drone x2  
  40  3:27  Drone x2  
  40  3:29  Overlord  
  40  3:30  Queen  
  44  3:37  Overlord  
  44  3:42  Spore Crawler  
  44  3:46  Drone  
  44  3:47  Queen  
  46  3:51  Drone x5  
  51  3:58  Drone  
  51  3:59  Drone x3  
  55  4:03  Overlord  
  55  4:05  Drone, Spore Crawler  
  55  4:10  Queen  
  54  4:23  Drone x3  
  54  4:24  Drone x5  
  58  4:29  Zergling x4  
  60  4:32  Zergling x8  
  60  4:35  Drone x2  
  60  4:38  Extractor  
  65  4:40  Extractor  
  65  4:43  Lair  
  64  4:48  Roach Warren  
  63  4:54  Drone x7  
  66  5:02  Drone x4  
  66  5:06  Drone  
  66  5:07  Drone x2  
  71  5:12  Evolution Chamber  
  71  5:13  Drone x3  
  73  5:19  Drone  
  73  5:20  Overlord  
  74  5:24  Extractor  
  74  5:26  Extractor  
  71  5:30  Drone x4, Overlord  
  71  5:35  Overlord  
  74  5:39  Zerg Missile Weapons Level 1, Drone x4  
  74  5:40  Glial Reconstitution  
  78  5:44  Overlord, Drone  
  78  5:48  Extractor, Drone x2  
  80  5:50  Drone x3  
  83  5:57  Hatchery  
  83  6:02  Drone x4  
  83  6:04  Drone  
  83  6:06  Spore Crawler  
  83  6:08  Roach  
  87  6:11  Roach x2  
  87  6:15  Roach x2  
  93  6:21  Roach x3  
  93  6:23  Overlord  
  93  6:24  Overlord  
  99  6:27  Overlord  
  99  6:28  Overlord  
  99  6:32  Roach x2  
  103  6:35  Roach  
  105  6:42  Overlord x3  
  105  6:49  Roach x5  
  108  6:55  Roach x3  
  108  6:56  Ravager x5  
  117  7:04  Roach x4  
  112  7:17  Roach x8  
  112  7:18  Ravager  
  112  7:19  Ravager  
  112  7:21  Roach x2  
  134  7:26  Roach x3  
  134  7:29  Roach x2  
  144  7:32  Roach x2  
  144  7:36  Roach x2  
  152  7:39  Roach x2  
  152  7:42  Overlord  
  156  7:50  Overlord x2  
  156  7:51  Zerg Missile Weapons Level 2  
  156  8:00  Overlord  
  156  8:01  Roach, Zergling x2  
  159  8:08  Roach  
  159  8:09  Roach x8  
  173  8:13  Roach  
  165  8:27  Zergling x22  
  158  8:33  Drone x4  
  146  8:38  Hydralisk Den, Infestation Pit  
  146  8:41  Drone x7  
  128  9:02  Drone x2  
  130  9:11  Drone, Spore Crawler, Lurker Den  
  130  9:12  Extractor, Hatchery, Drone x3  
  130  9:13  Extractor, Drone x3  
  130  9:14  Roach x6  
  144  9:17  Roach x2  
  144  9:19  Roach x2  
  144  9:22  Overseer  
  144  9:24  Overlord  
  152  9:25  Roach x2  
  152  9:28  Roach x2  
  160  9:32  Hive  
  160  9:35  Roach x2  
  164  9:39  Roach x3  
  167  9:49  Overlord  
  167  9:50  Roach x5  
  171  10:11  Zerg Ground Armor Level 1  
  171  10:13  Hydralisk x12  
  194  10:38  Lurker x5  
  199  10:45  Seismic Spines  
  199  10:46  Adrenal Glands  
  199  10:48  Evolution Chamber  
  199  10:49  Overlord x2  
  198  10:53  Muscular Augments  
  196  10:59  Overlord x2  
  190  11:04  Lurker  
  190  11:05  Lurker x3  
  190  11:07  Lurker  
  195  11:15  Lurker x2  
  193  11:20  Hatchery  
  193  11:23  Hydralisk, Spore Crawler  
  193  11:24  Zergling x34  
  200  11:36  Zerg Missile Weapons Level 3  
  198  11:42  Adaptive Talons  
  189  11:56  Hydralisk x8  
  196  12:04  Extractor, Grooved Spines  
  196  12:08  Spire x2  
  194  12:12  Hydralisk x3  
  184  12:15  Hydralisk x4  
  184  12:16  Hydralisk x2  
  180  12:26  Drone x3  
  180  12:28  Extractor, Drone x3  
  180  12:29  Zergling x26  
  173  13:20  Drone x3  
  173  13:22  Pneumatized Carapace  
  173  13:23  Overseer x2  
  173  13:26  Corruptor x9  
  191  13:32  Corruptor x2  
  189  13:35  Spine Crawler x2  
  189  13:38  Corruptor x2  
  191  13:44  Corruptor  
  193  13:55  Corruptor x2  
Tags
 
Add a new tag
Caveats
  • Supply blocks, unpowered buildings, or Contaminate may cause inaccurate times.
  • Supply counts are checked every 10 seconds.